 Dungeon Crawl Stone Soup version 0.27.1-1-g398f81649c (webtiles) character file.

Game seed: 16715371818879379315

55 edgarsabin the Chucker (level 3, 0/37 HPs)
             Began as an Ogre Hunter on Sept 15, 2021.
             Was a Believer of Zin.
             Succumbed to an adder's poison
             ... on level 2 of the Dungeon.
             The game lasted 00:17:48 (1792 turns).

edgarsabin the Chucker (Ogre Hunter)                Turns: 1792, Time: 00:17:48

Health: 0/37       AC:  3    Str: 17    XL:     3   Next: 93%
Magic:  3/3        EV: 10    Int: 12    God:    Zin [**....]
Gold:   92         SH:  0    Dex:  9    Spells: 2/2 levels left

rFire    . . .     SeeInvis .   a - +0 short sword
rCold    . . .     Faith    .   (no shield)
rNeg     . . .     Spirit   .   b - +0 robe
rPois    .         Reflect  .   (helmet restricted)
rElec    .         Harm     .   (no cloak)
rCorr    .         Rampage  .   (gloves unavailable)
Will     +....                  (boots unavailable)
Stlth    +.........             (no amulet)
HPRegen  0.12/turn              j - ring of willpower
MPRegen  0.08/turn              (no ring)

@: lethally poisoned (0 -> -8)
A: large, unfitting armour, tough skin 1
a: Renounce Religion, Recite, Vitalisation, Donate Gold


You were on level 2 of the Dungeon.
You worshipped Zin.
Zin was pleased with you.
You visited 1 branch of the dungeon, and saw 2 of its levels.

You collected 102 gold pieces.
You donated 10 gold pieces to Zin.

Inventory:

Hand Weapons
 a - a +0 short sword (weapon)
Missiles
 c - 5 large rocks (quivered)
 d - 2 throwing nets
 e - 96 stones
 m - 19 poisoned darts
 p - 19 bolts
Armour
 b - a +0 robe (worn)
 l - a +0 chain mail
 r - a +0 leather armour
Jewellery
 j - a ring of willpower (left hand)
 s - an amulet of the acrobat
Scrolls
 f - a scroll of magic mapping {unknown}
 g - a scroll of summoning {unknown}
 h - 2 scrolls of identify {unknown}
 n - a scroll of enchant armour {unknown}
 t - a scroll of noise {unknown}
Potions
 i - a potion of curing {unknown}
 k - a potion of magic {unknown}
 o - 2 potions of haste {unknown}
 q - a potion of resistance {unknown}


   Skills:
 + Level 3.2 Fighting
 + Level 0.5 Short Blades
 + Level 4.8 Throwing
 + Level 2.1 Dodging
 + Level 0.8 Stealth


You had 2 spell levels left.
You didn't know any spells.
Your spell library contained the following spells:

 Spells                   Type           Power      Damage    Failure   Level
 Magic Dart               Conj           0%         1d3       32%         1
 Passwall                 Tmut/Erth      0%         N/A       45%         2
 Searing Ray              Conj           0%         3d3       45%         2
 Swiftness                Air            0%         N/A       69%         3
 Fulminant Prism          Conj/Hex       0%         3d6       97%         4
 Invisibility             Hex            0%         N/A       100%        6


Dungeon Overview and Level Annotations

Branches:
Dungeon (2/15)

Altars:
Zin

Shops:
D:1 (


Innate Abilities, Weirdness & Mutations

You are too large for most types of armour.
You have tough skin. (AC +1)


Message History

You see here a bat corpse.
Found a stone staircase leading down.
Found 9 stones.
e - 96 stones (gained 9)
You open the door.
A frilled lizard and 2 adders come into view.
The frilled lizard hisses angrily.
The adder hisses angrily. x2
The adder bites you. x2
There is an open door here.
You barely miss the adder. The adder closely misses you. The adder bites you.
You are poisoned.
The adder poisons you!
You barely miss the adder.
You feel sick. The adder bites you. The adder misses you. The adder bites you.
The adder barely misses you.
You miss the adder.
You feel sick. The adder misses you. The adder completely misses you.
The frilled lizard misses you.
You closely miss the adder.
You feel sick. The adder bites you. x2
You are more poisoned.
The adder poisons you! The frilled lizard bites you.
You hit the adder but do no damage.
You feel sick. The adder bites you. The adder bites you but does no damage.
The frilled lizard bites you. The adder closely misses you.
The adder bites you but does no damage.
You hit the adder.
The adder is lightly wounded.
You feel sick. The adder bites you.
* * * LOW HITPOINT WARNING * * *
You are more poisoned.
The adder poisons you!
The frilled lizard bites you but does no damage.
The adder barely misses you.
You hit the adder.
The adder is severely wounded.
* * * LOW HITPOINT WARNING * * *
You feel sick.
The adder barely misses you. x2; The frilled lizard bites you.
* * * LOW HITPOINT WARNING * * *
The adder bites you.
* * * LOW HITPOINT WARNING * * *
You barely miss the adder.
The adder is severely wounded.
You die...

#....#.# ..
#.####>. .. #.#
### . #.# #
######.#
#.#......#
#.#.###### ##
#.......# #.
###.###@# #.
#.....#.SSl......
#######'
#######..........
#.......
#..........
#.......
...........
#.......
............
#######'
....######### #.
#.... #. #.


You could see 2 adders and a frilled lizard.

Vanquished Creatures
  An adder (D:2)
  A dart slug (D:2)
  6 ball pythons
  3 endoplasms (D:1)
  4 giant cockroaches (D:1)
  3 goblins (D:1)
  2 hobgoblins (D:1)
  2 quokkas
  6 bats
  2 frilled lizards (D:2)
  7 kobolds
  5 rats
42 creatures vanquished.

Vanquished Creatures (others)
  2 fungi (D:1)
  3 plants (D:1)
5 creatures vanquished.

Grand Total: 47 creatures vanquished

Notes
Turn   | Place    | Note
-------+----------+-------------------------------------------
     0 | D:1      | edgarsabin the Ogre Hunter began the quest for the Orb.
     0 | D:1      | Reached XP level 1. HP: 22/22 MP: 1/1
   124 | D:1      | Reached XP level 2. HP: 27/29 MP: 2/2
   515 | D:1      | Found Lymmaof's Antique Weapon Emporium.
   590 | D:1      | Reached XP level 3. HP: 32/36 MP: 3/3
   929 | D:1      | Found a faded altar of an unknown god.
   942 | D:1      | Became a worshipper of Zin the Law-Giver
   942 | D:1      | Reached * piety under Zin
  1686 | D:2      | Reached ** piety under Zin
  1792 | D:2      | Succumbed to an adder's poison

Illustrated notes

Levels and vault maps discovered:
D:1:      sevenhm_arrival_forest_fort_large_4, layout_loops_ring, serial_shops,
          shop, shapermc_ecumenical_altar_hornbeckon, minmay_octomino_c4
D:2:      layout_basic, uniq_crazy_yiuf_cottage

Skill      XL: |  1  2  3 |
---------------+----------+-----
Dodging        | 2 |  2.1
Fighting       | 3 |  3.2
Short Blades   | |  0.5
Throwing       | |  4.8
Stealth        | |  0.8

Action                   || total
-------------------------++-------
Melee: Short sword       ||   146
Throw: Large rock        ||    13
 Stab: Sleeping          ||     1
Armor: Robe              ||    45
Dodge: Dodged            ||    84
